 Dungeon Sprint DCSS version 0.29-a0-384-g6960b1960d (webtiles) character file.

Game seed: 5230412341581135527

150844 mhtbhm the Axe Maniac (level 16, -1/183 HPs)
             Began as a Minotaur Berserker on May 7, 2022.
             Was the Champion of Trog.
             Killed from afar by a black draconian knight (21 damage)
             ... with a bolt of lightning
             ... in the Dungeon (Sprint VII: "The Pits").
             The game lasted 00:20:19 (9163 turns).

mhtbhm the Axe Maniac (Minotaur Berserker)          Turns: 9163, Time: 00:20:19

Health: -1/183     AC: 46    Str: 36    XL:     16   Next: 70%
Magic:  5/5        EV: 18    Int:  4    God:    Trog [******]
Gold:   40         SH:  0    Dex: 16    Spells: 15/15 levels left

rFire   + + .      SeeInvis .   a - +8 Wrath of Trog {antimagic, *Rage Rampage}
rCold   + + .      Faith    +   (shield currently unavailable)
rNeg    . . .      Spirit   .   b - +10 gold dragon scales
rPois   +          Reflect  .   t - +0 hat
rElec   .          Harm     .   J - +1 cloak
rCorr   .          Rampage  +   G - +1 pair of gloves
Will    +....      Rage     50% C - +1 pair of boots {rampage}
Stlth   ++........ NoTele   +   F - amulet "Kaosk" {Faith Fly}
HPRegen 0.40/turn               D - +6 ring of strength
MPRegen 0.09/turn               P - ring of Wujom {rF+ rC+ Dex+6}

@: on berserk cooldown, flying, slowed, very slow
A: horns 2, retaliatory headbutt, subdued magic 1
}: 1/3 runes: iron
a: Renounce Religion, Berserk, Trog's Hand, Brothers in Arms


You were in the Dungeon.
You worshipped Trog.
Trog was exalted by your worship.
You visited 1 branch You collected 40 gold pieces.

Inventory:

Hand Weapons
 a - the +8 Wrath of Trog (weapon) {antimagic, *Rage Rampage}
   (You found it in the Dungeon)

   It reduces the magical energy of the wielder, and disrupts the spells and
   magical abilities of those it strikes.
   Natural abilities and divine invocations are not affected.
   It causes slowness and exhaustion when equipped.
   It extends the wielder's berserk rage when killing foes.
   *Rage:     It berserks you when you make melee attacks (+50% chance).
   Rampage:   It bestows one free step when moving towards enemies.
 r - a +5 broad axe of flaming
 U - the +9 broad axe "Loaqaec" {antimagic, rPois Str+3}
   (You found it in the Dungeon)

   It reduces the magical energy of the wielder, and disrupts the spells and
   magical abilities of those it strikes.
   Natural abilities and divine invocations are not affected.
   Str:       It affects your strength (+3).
   rPois:     It protects you from poison.
Missiles
 l - 12 curare-tipped darts (quivered)
 s - 8 poisoned darts
Armour
 b - +10 gold dragon scales (worn)
 t - a +0 hat (worn)
 C - a +1 pair of boots of rampaging (worn)
 G - a +1 pair of gloves (worn)
 H - a +2 buckler of reflection
 I - a +3 tower shield of positive energy
 J - a +1 cloak (worn)
Jewellery
 D - a +6 ring of strength (left hand)
 F - the amulet "Kaosk" (around neck) {Faith Fly}
   (You found it in the Dungeon)

   [amulet of faith]

   It allows you to gain divine favour quickly.
   Fly:       It grants you flight.
 O - the ring "Araguq" {+Blink AC+4}
   (You found it in the Dungeon)

   [ring of protection]

   AC:        It affects your AC (+4).
   +Blink:    It lets you blink.
 P - the ring of Wujom (right hand) {rF+ rC+ Dex+6}
   (You found it in the Dungeon)

   [ring of dexterity]

   Dex:       It affects your dexterity (+6).
   rF:        It protects you from fire.
   rC:        It protects you from cold.
Wands
 k - a wand of paralysis (5)
 A - a wand of acid (7)
Scrolls
 j - a scroll of summoning
 n - a scroll of silence
 u - 2 scrolls of enchant weapon
 v - 2 scrolls of identify
 w - 2 scrolls of enchant armour
 x - 3 scrolls of fear
Potions
 c - 5 potions of curing
 d - 8 potions of heal wounds
 e - 2 potions of haste
 f - 5 potions of magic
 g - 3 potions of berserk rage
 i - a potion of invisibility
 p - a potion of resistance
 q - 7 potions of mutation
 B - a potion of attraction
Miscellaneous
 z - a condenser vane (inert)
 E - a phantom mirror
 K - the horn of Geryon


   Skills:
 O Level 27 Fighting
 O Level 27 Axes
 + Level 3.9 Throwing
 O Level 27 Armour
 * Level 20.0 Dodging
 + Level 25.2 Stealth
 * Level 13.4 Evocations


You had 15 spell levels left.
You didn't know any spells.
Your spell library was empty.

Dungeon Overview and Level Annotations

Branches:
Dungeon (1/1)

Altars:
Gozag
Hepliaklqana
Sif Muna
Trog
Jiyva

Annotations:
D Frances


Innate Abilities, Weirdness & Mutations

You have a pair of horns on your head.
You reflexively headbutt those who attack you in melee.
Your spells are a little easier to cast, but a little less powerful.


Message History

Unknown command.
You miss something. Something hits you.
Frances is engulfed in blazing flames.
The eidolon is engulfed in blazing flames.
A bat skeleton comes into view.
The red draconian is engulfed in blazing flames.
An adder skeleton comes into view.
A bolt of lightning appears from out of thin air!
The bolt of lightning hits you!!
* * * LOW HITPOINT WARNING * * *
The bolt of lightning misses you.
Unknown command.
You feel much better.
The bat skeleton is engulfed in blazing flames.
You destroy the bat skeleton!
Trog accepts your kill.
Frances is engulfed in blazing flames.
Something hits you but does no damage.
Frances is engulfed in blazing flames.
The adder skeleton is engulfed in blazing flames.
The eidolon is engulfed in blazing flames.
The green draconian is engulfed in blazing flames.
The red draconian is engulfed in blazing flames.
A bolt of lightning appears from out of thin air!
The bolt of lightning hits you!!
* * * LOW HITPOINT WARNING * * *
The bolt of lightning misses you.
The eidolon is engulfed in blazing flames.
The green draconian is engulfed in blazing flames.
The red draconian is engulfed in blazing flames.
The adder skeleton is engulfed in blazing flames.
You destroy the adder skeleton!
Trog accepts your kill.
Unknown command.
Really fly into that cloud of flame?
Okay, then.
You hit something but do no damage. Your headbutt misses something.
A bolt of lightning appears from out of thin air!
The bolt of lightning hits you!!
* * * LOW HITPOINT WARNING * * *
The bolt of lightning hits you!!
You die...

....#.#.#.#[##.##..#
.[[[....#'#'#[.[#..#
....#.#.#...#[#.#..#
........)...#..[#..#
....#.#.#.#.###'#..#
....#...#...))..#..#
#################''#
### ########''#
#...#.#.#§{@..#
#....§d@#§)##
##§§§§§###):#
#.§§§W{☼#.[##
##§§#..###):#
#.§###.O#..:# ....
......:#


NL#d #..#..:# . # .Z###.:# You could see Frances (fast, magic disrupted), a
green draconian and an eidolon.

Vanquished Creatures
  Dissolution (D)
  Khufu (D)
  2 orbs of fire (D)
  2 ancient liches (D)
  Margery (D)
  6 pandemonium lords (D)
  Geryon (D)
  3 pearl dragons (D)
  2 Tzitzimimeh (D)
  3 Brimstone Fiends (D)
  A hellephant (D)
  A tentacled monstrosity (D)
  2 Hell Sentinels (D)
  2 Ice Fiends (D)
  3 liches (D)
  A deep elf master archer (D)
  3 titans (D)
  A quicksilver dragon (D)
  A death cob (D)
  2 Executioners (D)
  2 sphinxes (D)
  Gastronok (D)
  A shadow dragon (D)
  A nagaraja (D)
  A rockslime (D)
  A fire giant (D)
  A frost giant (D)
  2 orc warlords (D)
  Aizul (D)
  A draconian scorcher (D)
  2 balrugs (D)
  A cacodemon (D)
  A draconian shifter (D)
  2 ghost moths (D)
  A stone giant (D)
  A reaper (D)
  2 deep elf demonologists (D)
  A green draconian (D)
  3 deep elf annihilators (D)
  2 red draconians (D)
  Azrael (D)
  A yellow draconian (D)
  An ettin (D)
  A mummy priest (D)
  A green death (D)
  A blizzard demon (D)
  A great orb of eyes (D)
  2 deep elf high priests (D)
  7 vault guards (D)
  A boulder beetle (D)
  A two-headed ogre (shapeshifter) (D)
  A death knight (D)
  2 death yaks (D)
  A naga warrior (D)
  2 vampire magi (D)
  Sonja (D)
  5 sun demons (D)
  A cherub (D)
  A sea snake (D)
  2 deep trolls (D)
  2 sixfirhies (D)
  A death drake (shapeshifter) (D)
  A flayed ghost (D)
  A bog body (D)
  10 orc knights (D)
  A necromancer (D)
  A lindwurm (D)
  A cyclops (D)
  An orc sorcerer (D)
  A rust devil (D)
  A naga mage (D)
  2 elephants (D)
  A cane toad (D)
  A gargoyle (D)
  3 smoke demons (D)
  An eye of devastation (D)
  An orange demon (D)
  A hellion (D)
  A freezing wraith (D)
  A demonic crawler (D)
  An efreet (D)
  A yaktaur (D)
  2 kobold demonologists (D)
  An ice devil (D)
  A troll (D)
  A merfolk (D)
  A tyrant leech (D)
  2 tarantellas (D)
  A hornet (D)
  A blink frog (shapeshifter) (D)
  5 dream sheep (D)
  A shadow (D)
  3 golden eyes (D)
  4 fire elementals (D)
  A steam dragon (D)
  2 wandering mushrooms (D)
  3 redbacks (D)
  Menkaure (D)
  An acid dragon (D)
  A floating eye (D)
  3 hell hounds (D)
  An ice beast (D)
  A wolf (D)
  2 ogres (D)
  A phantom (D)
  3 kobold brigands (D)
  A necrophage (D)
  A scorpion (D)
  3 earth elementals (D)
  4 killer bees (D)
  A jelly (D)
  An orc priest (D)
  Crazy Yiuf (D)
  An iron imp (D)
  Ijyb (D)
  2 orc wizards (D)
  2 gnolls (D)
  A river rat (D)
  An adder (D)
  An adder zombie (D)
  An adder skeleton (D)
  2 worms (D)
  An adder simulacrum (D)
  2 orcs (D)
  A bat (D)
  2 bat skeletons (D)
  A bat zombie (D)
  An endoplasm (D)
  3 giant cockroaches (D)
  A goblin (D)
  3 jackals (D)
  2 kobolds (D)
  A ball python (D)
  A ball python skeleton (D)
  A ball python zombie (D)
  A frilled lizard (D)
  A rat (D)
225 creatures vanquished.

Vanquished Creatures (collateral kills)
  A deep elf blademaster (D)
  A deep elf high priest (D)
  A vault guard (D)
  A death knight (D)
  An alligator snapping turtle (D)
  A shadow wraith (D)
  A phantasmal warrior (D)
  An orc knight (D)
  A water elemental (D)
9 creatures vanquished.

Vanquished Creatures (others)
  A great orb of eyes (D)
  A komodo dragon (D)
  A jackal (D)
  A quokka skeleton (D)
4 creatures vanquished.

Grand Total: 238 creatures vanquished

Notes
Turn   | Place    | Note
-------+----------+-------------------------------------------
     0 | D        | mhtbhm the Minotaur Berserker began the quest for the Orb.
     0 | D        | Reached XP level 1. HP: 19/19 MP: 0/0
    23 | D        | Reached XP level 2. HP: 8/28 MP: 1/1
   252 | D        | Reached ** piety under Trog
   253 | D        | Reached skill level 5 in Fighting
   254 | D        | Reached skill level 5 in Axes
   339 | D        | Noticed a floating eye
   342 | D        | Killed a floating eye
   343 | D        | Reached XP level 3. HP: 40/40 MP: 2/2
   343 | D        | Reached XP level 4. HP: 48/48 MP: 3/3
   452 | D        | Reached *** piety under Trog
   670 | D        | Found a bloodstained altar of Trog.
   670 | D        | Found a shimmering blue altar of Sif Muna.
   670 | D        | Found a viscous altar of Jiyva.
   670 | D        | Found a hazy altar of Hepliaklqana.
   670 | D        | Found an opulent altar of Gozag.
   694 | D        | Noticed Ijyb
   695 | D        | Noticed a phantom
   695 | D        | Noticed a kobold brigand
   698 | D        | Reached **** piety under Trog
   699 | D        | Reached XP level 5. HP: 53/53 MP: 4/4
   699 | D        | Paralysed by Ijyb for 4 turns
   699 | D        | Noticed Menkaure
   706 | D        | Killed Ijyb
   707 | D        | Reached skill level 5 in Armour
   708 | D        | Killed a phantom
   709 | D        | Reached skill level 10 in Fighting
   709 | D        | Reached skill level 10 in Axes
   709 | D        | Reached skill level 5 in Dodging
   709 | D        | Reached XP level 6. HP: 10/66 MP: 5/5
   709 | D        | Killed Menkaure
   709 | D        | Reached ***** piety under Trog
   712 | D        | HP: 3/67 [poisoned by a kobold brigand (curare-tipped
                  | dart)]
  1011 | D        | Noticed a sea snake
  1028 | D        | Killed a sea snake
  1029 | D        | Reached XP level 7. HP: 34/78 MP: 6/6
  1313 | D        | Noticed Crazy Yiuf
  1324 | D        | Paralysed by Crazy Yiuf for 5 turns
  1335 | D        | Killed Crazy Yiuf
  1342 | D        | Reached skill level 1 in Stealth
  1342 | D        | Reached XP level 8. HP: 58/85 MP: 5/7
  1461 | D        | Noticed a deep troll
  1477 | D        | Killed a deep troll
  1481 | D        | Reached skill level 10 in Armour
  1484 | D        | Reached skill level 15 in Axes
  1855 | D        | Noticed a death yak
  1855 | D        | Noticed a troll
  1865 | D        | Killed a death yak
  1865 | D        | Killed a troll
  1865 | D        | Reached ****** piety under Trog
  1866 | D        | Reached XP level 9. HP: 72/96 MP: 8/8
  2046 | D        | Noticed an elephant
  2046 | D        | Noticed a flayed ghost
  2049 | D        | Received a gift from Trog
  2059 | D        | Killed a flayed ghost
  2062 | D        | Killed an elephant
  2227 | D        | Noticed a lindwurm
  2227 | D        | Noticed a yaktaur
  2234 | D        | Reached skill level 15 in Fighting
  2240 | D        | Killed a lindwurm
  2241 | D        | Reached XP level 10. HP: 41/105 MP: 9/9
  2245 | D        | Received a gift from Trog
  2246 | D        | Reached skill level 15 in Armour
  2557 | D        | Noticed an orange demon
  2559 | D        | Noticed an orc sorcerer
  2559 | D        | Noticed a smoke demon
  2562 | D        | Killed a smoke demon
  2564 | D        | Received a gift from Trog
  2564 | D        | Noticed a cyclops
  2566 | D        | Noticed an orange demon
  2567 | D        | Noticed an eye of devastation
  2570 | D        | Killed an orange demon
  2575 | D        | Killed an orc sorcerer
  2579 | D        | Killed a cyclops
  2585 | D        | Killed an eye of devastation
  2841 | D        | Noticed a cane toad
  2844 | D        | Killed a cane toad
  2846 | D        | Received a gift from Trog
  3107 | D        | Received a gift from Trog
  3109 | D        | Noticed an orange demon
  3113 | D        | Reached XP level 11. HP: 108/116 MP: 10/10
  3220 | D        | Noticed a deep troll
  3225 | D        | Killed a deep troll
  3310 | D        | Noticed Gastronok
  3310 | D        | Noticed a bog body
  3316 | D        | Noticed Sonja
  3317 | D        | Received a gift from Trog
  3319 | D        | Noticed a sixfirhy
  3321 | D        | Killed a bog body
  3328 | D        | Killed a sixfirhy
  3328 | D        | Identified the +6 quarterstaff of Rimagg {vorpal, *Slow rC+
                  | Str+7} (Trog gifted it to you in the Dungeon)
  3328 | D        | Received a gift from Trog
  3334 | D        | Killed Gastronok
  3341 | D        | Killed Sonja
  3756 | D        | Noticed Azrael
  3758 | D        | Received a gift from Trog
  3766 | D        | Killed Azrael
  3977 | D        | Received a gift from Trog
  4020 | D        | Noticed a boulder beetle
  4020 | D        | Noticed a nagaraja
  4020 | D        | Noticed a death yak
  4029 | D        | Killed a nagaraja
  4030 | D        | Reached XP level 12. HP: 47/130 MP: 11/11
  4031 | D        | Killed a boulder beetle
  4031 | D        | Received a gift from Trog
  4032 | D        | Killed a death yak
  4375 | D        | Noticed a death knight
  4375 | D        | Noticed a green draconian
  4375 | D        | Noticed a mummy priest
  4375 | D        | Noticed a vault guard
  4375 | D        | Noticed a stone giant
  4383 | D        | Killed a mummy priest
  4386 | D        | Killed a green draconian
  4386 | D        | Killed a death knight
  4387 | D        | Reached skill level 10 in Dodging
  4387 | D        | Reached skill level 1 in Evocations
  4392 | D        | Killed a vault guard
  4392 | D        | Received a gift from Trog
  4399 | D        | Killed a stone giant
  4399 | D        | Killed a ghost moth
  4548 | D        | Noticed Aizul
  4548 | D        | Noticed a great orb of eyes
  4554 | D        | Noticed a vampire mage
  4555 | D        | Received a gift from Trog
  4557 | D        | Killed a great orb of eyes
  4557 | D        | Noticed a death cob
  4561 | D        | Killed a death cob
  4562 | D        | Reached skill level 1 in Throwing
  4562 | D        | Reached skill level 5 in Stealth
  4562 | D        | Received a gift from Trog
  4565 | D        | Killed Aizul
  4570 | D        | Killed a vampire mage
  4571 | D        | Reached XP level 13. HP: 145/145 MP: 12/12
  4608 | D        | Received a gift from Trog
  4622 | D        | Received a gift from Trog
  4747 | D        | Got the amulet "Kaosk" {Faith Fly}
  4826 | D        | Noticed an orc warlord
  4826 | D        | Noticed an orc warlord
  4826 | D        | Noticed a deep elf blademaster
  4840 | D        | Killed an orc warlord
  4856 | D        | Killed a deep elf blademaster
  4858 | D        | Killed an orc warlord
  4859 | D        | Received a gift from Trog
  4863 | D        | Received a gift from Trog
  4884 | D        | Received a gift from Trog
  5203 | D        | Found the +8 Wrath of Trog {antimagic, *Rage Rampage}
  5250 | D        | Received a gift from Trog
  5532 | D        | Noticed an ancient lich
  5540 | D        | Killed an ancient lich
  5541 | D        | Reached skill level 27 in Axes
  5541 | D        | Reached XP level 14. HP: 160/160 MP: 4/13
  5668 | D        | Noticed Dissolution
  5674 | D        | Killed Dissolution
  5675 | D        | Reached skill level 5 in Evocations
  5873 | D        | Noticed Khufu
  5884 | D        | Killed Khufu
  5884 | D        | Received a gift from Trog
  6081 | D        | Noticed Dokikib the pandemonium lord
  6086 | D        | Killed Dokikib the pandemonium lord
  6229 | D        | Noticed an Executioner
  6233 | D        | Killed an Executioner
  6274 | D        | Noticed Ucvil the pandemonium lord
  6276 | D        | Paralysed by Ucvil for 5 turns
  6286 | D        | Killed Ucvil the pandemonium lord
  6287 | D        | Reached skill level 10 in Stealth
  6326 | D        | Noticed a Hell Sentinel
  6326 | D        | Noticed Lohein the pandemonium lord
  6334 | D        | Received a gift from Trog
  6335 | D        | Reached skill level 27 in Fighting
  6342 | D        | Killed Lohein the pandemonium lord
  6342 | D        | Killed a Hell Sentinel
  6345 | D        | Received a gift from Trog
  6386 | D        | Noticed a reaper
  6388 | D        | Killed a reaper
  6395 | D        | Noticed Wiynwuji the pandemonium lord
  6407 | D        | Killed Wiynwuji the pandemonium lord
  6641 | D        | Noticed Margery
  6649 | D        | Killed Margery
  6649 | D        | Received a gift from Trog
  6707 | D        | Noticed Setsila the pandemonium lord
  6709 | D        | Noticed a Brimstone Fiend
  6724 | D        | Killed Setsila the pandemonium lord
  6725 | D        | Reached XP level 15. HP: 128/174 MP: 4/14
  6939 | D        | Noticed a tentacled monstrosity
  6943 | D        | Killed a tentacled monstrosity
  7064 | D        | Noticed a titan
  7066 | D        | Killed a titan
  7066 | D        | Received a gift from Trog
  7069 | D        | Noticed an ancient lich
  7076 | D        | Killed an ancient lich
  7077 | D        | Reached skill level 27 in Armour
  7136 | D        | Noticed a frost giant
  7141 | D        | Killed a frost giant
  7141 | D        | Received a gift from Trog
  7280 | D        | Noticed Bufoumn the pandemonium lord
  7288 | D        | Killed Bufoumn the pandemonium lord
  7423 | D        | Noticed a sphinx
  7428 | D        | Killed a sphinx
  7429 | D        | Reached skill level 15 in Stealth
  7429 | D        | Gained mutation: Your spells are a little easier to cast,
                  | but a little less powerful. [a cacodemon]
  7438 | D        | Received a gift from Trog
  7498 | D        | Noticed a titan
  7499 | D        | Killed a titan
  7501 | D        | Noticed a hellephant
  7504 | D        | Killed a hellephant
  7576 | D        | Noticed a Brimstone Fiend
  7578 | D        | Killed a Brimstone Fiend
  7579 | D        | Reached skill level 15 in Dodging
  7594 | D        | Noticed a Hell Sentinel
  7604 | D        | Killed a Hell Sentinel
  7604 | D        | Received a gift from Trog
  7605 | D        | Reached skill level 10 in Evocations
  7689 | D        | Noticed an Ice Fiend
  7690 | D        | Noticed a pearl dragon
  7693 | D        | Killed an Ice Fiend
  7701 | D        | Killed a pearl dragon
  7853 | D        | Noticed a red draconian scorcher
  7859 | D        | Killed a red draconian scorcher
  7859 | D        | Received a gift from Trog
  7976 | D        | Noticed a sphinx
  7976 | D        | Noticed a deep elf master archer
  7976 | D        | Noticed a Brimstone Fiend
  7977 | D        | Noticed an orb of fire
  7985 | D        | Killed a deep elf master archer
  7991 | D        | Killed a Brimstone Fiend
  7997 | D        | Killed an orb of fire
  7997 | D        | Killed a sphinx
  8201 | D        | Noticed a quicksilver dragon
  8201 | D        | Noticed an orb of fire
  8201 | D        | Noticed a Brimstone Fiend
  8210 | D        | Killed a Brimstone Fiend
  8210 | D        | Received a gift from Trog
  8210 | D        | Killed a quicksilver dragon
  8215 | D        | Killed an orb of fire
  8216 | D        | Reached XP level 16. HP: 166/183 MP: 5/15
  8390 | D        | Noticed a Tzitzimitl
  8390 | D        | Noticed a shadow dragon
  8393 | D        | Killed a Tzitzimitl
  8398 | D        | Killed a shadow dragon
  8398 | D        | Received a gift from Trog
  8443 | D        | Noticed a pearl dragon
  8444 | D        | Killed a pearl dragon
  8481 | D        | Noticed a pearl dragon
  8483 | D        | Killed a pearl dragon
  8485 | D        | Noticed a Tzitzimitl
  8485 | D        | Noticed a lich
  8490 | D        | Received a gift from Trog
  8492 | D        | Killed a lich
  8493 | D        | Killed a Tzitzimitl
  8535 | D        | Noticed Geryon
  8550 | D        | Killed Geryon
  8550 | D        | Received a gift from Trog
  8606 | D        | Got the ring "Okuwoep" {AC+4 Dex+6}
  8609 | D        | Got the ring of Keut {Ice rElec Slay+3}
  8613 | D        | Got an iron rune of Zot
  8615 | D        | Got the ring "Sylaju" {Fly rC- rCorr Dex+2 Stlth+}
  8617 | D        | Got the ring "Araguq" {+Blink AC+4}
  8619 | D        | Got the ring of Wujom {rF+ rC+ Dex+6}
  8622 | D        | Got the ring "Ecveilap" {rPois MP+9}
  8641 | D        | Got the ring "Isidosei" {Ice rPois rN+}
  8644 | D        | Got the ring "Caismiez" {rF+ rC+ MP+9 Dex-3}
  8649 | D        | Got the ring of Hemeyfac {MP+9 Int+3 Slay+4}
  8669 | D        | Got the +9 broad axe "Loaqaec" {antimagic, rPois Str+3}
  8689 | D        | Noticed an Executioner
  8691 | D        | Killed an Executioner
  8696 | D        | Noticed a titan
  8700 | D        | Killed a titan
  8740 | D        | Noticed an Ice Fiend
  8746 | D        | Killed an Ice Fiend
  9122 | D        | Noticed a lich
  9129 | D        | Received a gift from Trog
  9131 | D        | Killed a lich
  9138 | D        | Noticed a lich
  9141 | D        | Noticed a Tzitzimitl
  9141 | D        | Identified the +9 battleaxe of Disgust {vorpal, rElec Dex+3
                  | SInv} (Trog gifted it to you in the Dungeon)
  9141 | D        | Received a gift from Trog
  9144 | D        | Killed a lich
  9146 | D        | Received a gift from Trog
  9146 | D        | Noticed Frances
  9153 | D        | Noticed a lich
  9157 | D        | Received a gift from Trog
  9163 | D        | Killed from afar by a black draconian knight

Illustrated notes

Levels and vault maps discovered:
D:        pitsprint [storerooms_1, entrance_room_1, metal_vault_3, armoury_3,
          mini_pit_1, grid_room_1, main_hall_1, silver_pit, the_coven_3,
          the_vestibule_1, steel_vault_2, golden_pit, hallway_of_sentries,
          crystal_vault_5, iron_vault_4, final_vault]

Skill      XL: |  1  2  3  4  5  6  7  8  9 10 11 12 13 14 15 16 |
---------------+-------------------------------------------------+-----
Fighting       | 4 7 8 10 12 14 15 16 19 21 24 27 | 27.0
Axes           | 4 8 10 13 16 17 19 22 24 27 | 27.0
Armour         | 4 5 8 12 14 17 18 20 21 26 27 | 27.0
Dodging        | 4 5 6 7 8 9 11 12 17 20 | 20.0
Stealth        | 1 2 3 5 8 12 21 25 | 25.2
Evocations     | 1 4 7 11 13 | 13.4
Throwing       | 1 3 |  3.9

Action                   |  1- 3 |  4- 6 |  7- 9 | 10-12 | 13-15 | 16-18 || total
-------------------------+-------+-------+-------+-------+-------+-------++-------
Melee: Hand axe          |    16 |    27 |    39 |       |       |       ||    82
       Headbutt          |       |     3 |    12 |    32 |    73 |    18 ||   138
       Punch             |       |       |     1 |       |       |       ||     1
       War axe           |       |       |    18 |       |       |       ||    18
       Battleaxe         |       |       |    10 |   150 |   270 |    68 ||   498
Throw: Dart              |       |       |       |     3 |       |       ||     3
Invok: Berserk           |       |     2 |     3 |     6 |     1 |       ||    12
       Brothers in Arms  |       |       |       |     1 |     6 |     1 ||     8
       Trog's Hand       |       |       |       |       |     2 |       ||     2
Evoke: Wand              |       |       |       |     2 |     1 |       ||     3
       Condenser vane    |       |       |       |     1 |     2 |     1 ||     4
       Phantom mirror    |       |       |       |       |     2 |       ||     2
       Horn of Geryon    |       |       |       |       |       |     1 ||     1
  Use: Potion            |       |     3 |     1 |     1 |     7 |     2 ||    14
       Scroll            |       |       |       |       |     1 |     1 ||     2
 Stab: Paralysed         |       |       |       |     1 |       |       ||     1
       Distracted        |       |       |       |     1 |       |       ||     1
       Invisible         |       |       |       |       |     4 |       ||     4
       Sleeping          |       |       |       |       |     4 |    10 ||    14
Armor: Chain mail        |       |    11 |    38 |    95 |    17 |       ||   161
       Animal skin       |       |     2 |       |       |       |       ||     2
       Storm dragon scal |       |       |       |       |    86 |    16 ||   102
       Gold dragon scale |       |       |       |       |       |    19 ||    19
Dodge: Dodged            |    11 |    10 |    33 |    80 |    67 |    35 ||   236

Table legend: (Time is in decaauts)
 A = Elapsed time spent in this place.
 B = Non-inter-level travel time spent in this place.
 C = Inter-level travel time spent in this place.
 D = Time resting spent in this place.
 E = Time spent auto-exploring this place.
 F = Levels seen in this place.
 G = Mean time per level.
                   A        B        C        D        E       F      G
               +--------+--------+--------+--------+--------+-----+--------+
         Total |   9425 |   9413 |     12 |   7017 |     12 |   1 | 9425.0 |
       Dungeon |   9425 |   9413 |     12 |   7017 |     12 |   1 | 9425.0 |
               +--------+--------+--------+--------+--------+-----+--------+

Top non-repeatable levels by time:
       D: 9425 daAuts
